 Dungeon Crawl Stone Soup version 0.31-a0-263-ge8cad7f256 (webtiles) character file.

Game seed: 16640506900162002594

245 spiderkeys the Caller (level 5, -3/35 HPs)
             Began as a Demonspawn Wanderer on July 14, 2023.
             Was an Initiate of Vehumet.
             Succumbed to a scorpion's poison
             ... while paralysed by Grinder
             ... on level 4 of the Dungeon.
             The game lasted 00:10:14 (3663 turns).

spiderkeys the Caller (Demonspawn Wanderer)         Turns: 3663, Time: 00:10:15

Health: -3/35      AC:  2    Str:  9    XL:     5   Next: 84%
Magic:  2/9        EV:  2    Int: 18    God:    Vehumet [......]
Gold:   112        SH:  0    Dex: 13    Spells: 5/10 levels left

rFire   . . .        (no weapon)
rCold   . . .        (no shield)
rNeg    . . .        c - +0 robe
rPois   .            (no helmet)
rElec   .            (no cloak)
rCorr   .            (no gloves)
SInv    .            (no boots)
Will    .....        (no amulet)
Stlth   ++           Y - +4 ring of slaying
HPRegen 0.25/turn    (no ring)
MPRegen 0.11/turn

%: no passive effects
@: paralysed, lethally poisoned (-3 -> -24), very slightly contaminated
A: demonic touch 1
a: Renounce Religion


You were on level 4 of the Dungeon.
You worshipped Vehumet.
Vehumet was noncommittal.
You visited 1 branch of the dungeon, and saw 4 of its levels.

You collected 112 gold pieces.


Innate Abilities, Weirdness & Mutations

Your touch may inflict minor irresistible damage on your foes.


   Skills:
 - Level 1.0 Armour
 - Level 1.0 Dodging
 - Level 1.0 Stealth
 + Level 3.1 Spellcasting
 + Level 0.3 Conjurations
 + Level 4.5 Summonings
 + Level 3.0 Fire Magic
 - Level 1.2 Invocations
 - Level 1.0 Evocations


You had 5 spell levels left.
You knew the following spells:

 Your Spells              Type           Power      Damage    Failure   Level
c - Call Canine Familiar  Summ           19%        N/A       8%          3
f - Foxfire               Conj/Fire      32%        2x1d5     9%          1
s - Summon Small Mammal   Summ           76%        N/A       2%          1

Your spell library contained the following spells:

 Spells                   Type           Power      Damage    Failure   Level
 Cigotuvi's Dreadful Rot  Necr/Pois/Air  4%         N/A       24%         2
 Ignite Poison            Fire/Tmut/Pois 6%         N/A       32%         3
 Portal Projectile        Hex/Tloc       4%         N/A       43%         3
 Summon Ice Beast         Ice/Summ       10%        N/A       54%         4
 Flame Wave               Conj/Fire      8%         2d5       63%         4
 Dispel Undead            Necr           2%         3d7       85%         4
 Leda's Liquefaction      Hex/Erth       1%         N/A       85%         4
 Death Channel            Necr           1%         N/A       100%        6
 Discord                  Hex            1%         N/A       100%        8

Inventory:

Hand Weapons
 a - a +0 dagger
Missiles
 e - 27 stones
 s - 2 poisoned darts
 B - 2 javelins
Armour
 c - a +0 robe (worn)
 f - a +0 robe
   (You found it on level 1 of the Dungeon)
 g - a +0 robe
   (You found it on level 1 of the Dungeon)
 n - a +0 chain mail
   (You found it on level 2 of the Dungeon)
 p - a +0 leather armour
   (You found it on level 2 of the Dungeon)
 q - a +0 chain mail
   (You took it off a hobgoblin on level 2 of the Dungeon)
 u - a +0 scale mail
   (You found it on level 2 of the Dungeon)
 E - a +0 animal skin
   (You took it off Robin on level 3 of the Dungeon)
 F - a +1 helmet
   (You took it off Robin on level 3 of the Dungeon)
 G - a +0 leather armour
   (You took it off an orc on level 3 of the Dungeon)
 H - a +0 leather armour
   (You took it off an orc on level 3 of the Dungeon)
Jewellery
 Y - a +4 ring of slaying (left hand)
   (You found it on level 3 of the Dungeon)
Wands
 d - a wand of polymorph (11)
Scrolls
 b - 4 scrolls of vulnerability {!r!r}
 i - 4 scrolls of identify {unknown}
 l - 2 scrolls of teleportation {unknown}
 o - a scroll of silence {unknown}
 t - a scroll of enchant armour {unknown}
 v - 2 scrolls of enchant weapon {unknown}
 y - a scroll of fog {unknown}
 z - a scroll of noise {unknown}
 C - a scroll of poison {unknown}
Potions
 h - a potion of brilliance {unknown}
 j - a potion of magic {unknown}
 k - a potion of attraction {unknown}
 m - 4 potions of might {unknown}
 r - 2 potions of lignification {unknown}
 w - a potion of curing {unknown}
 x - 2 potions of mutation {unknown}
 A - a potion of enlightenment {unknown}
 D - a potion of degeneration {unknown}

Dungeon Overview and Level Annotations

Branches:
Dungeon (4/15) Zot: 20310
 Temple: D:4-7

Altars:
Ru
Vehumet

Annotations:
D:4 Grinder

#....###..
....#...
...>... ..... #
.....##
######..#.. ###
!.....s5.#...(.
#@h......
#.##..... #.#
#+# .#. # #


You could see Grinder (ally target), a scorpion and a friendly hound (summoned).


Message History

You conjure some foxfire! 😮 MP[-1]
You lost 1 mp, and now have 5/9 mp.
Casting: Foxfire (safe; 9% risk of failure)
Confirm with . or Enter, or press ? or * to list all spells.
You conjure some foxfire!
The foxfire hits the orc.
An orc comes into view. It is wielding a +0 club.
The foxfire hits the orc but does no damage. 😮 HP[+1] MP[-1]
You lost 1 mp, and now have 4/9 mp.
The foxfire hits the orc.
You kill the orc!
Vehumet accepts your kill.
The foxfire hits the orc.
Casting: Foxfire (safe; 9% risk of failure)
Confirm with . or Enter, or press ? or * to list all spells.
You conjure some foxfire! 😕 HP[+1] MP[-1]
You lost 1 mp, and now have 3/9 mp.
The foxfire hits the orc.
You kill the orc!
Vehumet accepts your kill. 😕 MP[+1] Key pressed, stopping explore.
H - a +0 leather armour You see here a +0 whip.
Things that are here:
a +0 flail; a +0 dagger; an orc corpse
Things that are here:
a +0 club; an orc corpse You see here a +2 flail of protection. 😎 HP[+8] MP[+5]
Your hp is fully restored (35).
Your mp is fully restored (9).
Things that are here:
a +0 club; an orc corpse
Found a stone staircase leading up.
There is a stone staircase leading up here.
e - 27 stones (gained 4)
You see here a +0 club.
i - 4 scrolls labelled CUILAU KAMOS (gained 1)
You see here a +0 club.
Done exploring.
Done exploring.
Done exploring.
Done exploring.
There is a stone staircase leading down here.
You climb downwards.
Found 5 stones and a black potion.
Found a stone staircase leading down.
There is a stone staircase leading up here.
You conjure some foxfire!
Grinder shouts! 😎 MP[-1]
You lost 1 mp, and now have 8/9 mp.
You miscast Foxfire.
You are very lightly contaminated with residual magic.
Nothing appears to happen.
The foxfire hits Grinder. x2
Grinder says, "Wait up." 😎 MP[-1]
You lost 1 mp, and now have 7/9 mp.
Casting: Foxfire (safe; 9% risk of failure)
Confirm with . or Enter, or press ? or * to list all spells.
You miscast Call Canine Familiar.
Nothing appears to happen.
Grinder hits you! 😮 HP[-10] MP[-3]
You take 10 damage, and now have 25/35 hp.
MASSIVE DAMAGE!! (PAUSE)
You lost 3 mp, and now have 4/9 mp.
Casting: Call Canine Familiar (dangerous; 8% risk of failure)
Confirm with . or Enter, or press ? or * to list all spells.
A scorpion comes into view.
Grinder closely misses you. 😮 MP[-3]
You lost 3 mp, and now have 1/9 mp.
Unknown command.
You barely miss Grinder.
Your hound bites Grinder.
Grinder barely misses you.
You barely miss Grinder.
You touch Grinder.
Your hound barely misses Grinder.
Grinder gestures at you. You resist with significant effort.
Your hound barely misses Grinder.
You hit Grinder.
Your hound completely misses Grinder.
Grinder gestures at you.
You suddenly lose the ability to move!
Your hound bites Grinder.
Grinder hits you.
You writhe in agony.
Your hound bites Grinder.
The scorpion stings you.
* * * LOW HITPOINT WARNING * * *
You are poisoned.
The scorpion poisons you!
Your hound bites Grinder.
Grinder hits you!
* * * LOW HITPOINT WARNING * * *
* * * LOW HITPOINT WARNING * * *
You feel very sick. The scorpion stings you.
* * * LOW HITPOINT WARNING * * *
You are more poisoned.
The scorpion poisons you!
Your hound barely misses Grinder.
Your hound bites Grinder but does no damage.
Grinder says, "Wait up."
Grinder gestures at you.
You shrug off the repeated paralysis!
The scorpion stings you.
* * * LOW HITPOINT WARNING * * *
You die...

Skill      XL: |  1  2  3  4  5 |
---------------+----------------+-----
Spellcasting   | 2 3 |  3.1
Fire Magic     | 2 3 |  3.0
Summonings     | 4 |  4.5
Armour         | |  1.0
Dodging        | |  1.0
Stealth        | |  1.0
Conjurations   | |  0.3
Invocations    | |  1.2
Evocations     | |  1.0

Action                     |  1- 3 |  4- 6 || total
---------------------------+-------+-------++-------
  Melee: Dagger            |    77 |    10 ||    87
         Touch             |     7 |    15 ||    22
         Unarmed           |       |    46 ||    46
   Cast: Summon Small Mamm |    12 |    14 ||    26
         Foxfire           |    21 |    97 ||   118
         Call Canine Famil |       |     1 ||     1
  Evoke: Wand              |     2 |       ||     2
   Stab: Distracted        |     1 |       ||     1
         Sleeping          |     1 |       ||     1
 Armour: Robe              |    13 |    12 ||    25
  Dodge: Dodged            |    43 |    36 ||    79

Levels and vault maps discovered:
D:1:      dpeg_arrival_stone_temple_mockup, layout_loops_ring,
          chequers_serial_rivers_large_b
D:2:      layout_rooms, uniq_terence, uniq_natasha
D:3:      layout_loops_ring, vehumet_statue, nicolae_ru_the_path_less_chosen,
          uniq_robin
D:4:      layout_basic, fedhas_altar_4, uniq_grinder

Notes
Turn   | Place    | Note
-------+----------+-------------------------------------------
     0 | D:1      | spiderkeys the Demonspawn Wanderer began the quest for the
                  | Orb.
     0 | D:1      | spiderkeys set off with the following items: a +0 dagger, a
                  | scroll of vulnerability {!r!r}, a +0 robe, a wand of
                  | polymorph (6); and the following spells available to
                  | memorise: Summon Small Mammal, Foxfire, Call Canine
                  | Familiar, Ignite Poison, Summon Ice Beast.
     0 | D:1      | Reached XP level 1. HP: 13/13 MP: 2/2
     0 | D:1      | magus.rc [v1.11.3]
    45 | D:1      | Learned a level 1 spell: Foxfire
    47 | D:1      | Learned a level 1 spell: Summon Small Mammal
   222 | D:1      | Gained mutation: Your touch may inflict minor irresistible
                  | damage on your foes. [demonic ancestry]
   222 | D:1      | Reached XP level 2. HP: 19/19 MP: 2/4
   866 | D:1      | Reached XP level 3. HP: 20/24 MP: 2/5
  1072 | D:2      | Noticed Terence
  1084 | D:2      | HP: 4/24 [Terence/+0 flail (7)]
  1087 | D:2      | Terence changed into Terence the adder
  1087 | D:2      | Noticed Terence
  1087 | D:2      | Killed Terence the adder
  1088 | D:2      | Reached skill level 2 in Spellcasting
  1225 | D:2      | Noticed Natasha
  1240 | D:2      | Reached skill level 2 in Fire Magic
  1248 | D:2      | HP: 2/24 [Natasha (9)]
  1249 | D:2      | Killed Natasha
  1250 | D:2      | Reached XP level 4. HP: 3/30 MP: 0/7
  1382 | D:2      | Noticed Natasha
  1456 | D:2      | Killed Natasha
  1473 | D:2      | Noticed Natasha
  1478 | D:2      | Killed Natasha
  1479 | D:2      | Reached skill level 4 in Summonings
  1645 | D:2      | Reached XP level 5. HP: 35/35 MP: 3/9
  1982 | D:2      | You pick up a book of Decay and begin reading...
  1982 | D:2      | You add the spells Cigotuvi's Dreadful Rot, Dispel Undead
                  | and Death Channel to your library.
  2497 | D:3      | Found a radiant altar of Vehumet.
  2497 | D:3      | Noticed a frost-covered statue
  2708 | D:3      | Killed a frost-covered statue
  2712 | D:3      | Became a worshipper of Vehumet
  2789 | D:3      | Reached skill level 3 in Spellcasting
  2981 | D:3      | Noticed Robin
  3155 | D:3      | You add the spells Portal Projectile, Flame Wave, Leda's
                  | Liquefaction and Discord to your library.
  3155 | D:3      | Got the Handbook of Maleficia and Calefaction
  3160 | D:3      | Learned a level 3 spell: Call Canine Familiar
  3171 | D:3      | Found a sacrificial altar of Ru.
  3278 | D:3      | Reached skill level 3 in Fire Magic
  3284 | D:3      | Killed Robin
  3652 | D:4      | Noticed Grinder
  3659 | D:4      | Paralysed by Grinder for 5 turns
  3661 | D:4      | HP: 8/35 [Grinder (9)]
  3662 | D:4      | HP: 1/35 [scorpion (3)]
  3663 | D:4      | Succumbed to a scorpion's poison

Vanquished Creatures
  Natasha (twice) (D:2)
  Robin (D:3)
  4 adders
  A worm (D:3)
  2 dart slugs (D:1)
  4 orcs (D:3)
  4 ball pythons
  8 bats
  5 endoplasms
  A giant cockroach (D:1)
  13 goblins
  4 hobgoblins
  10 jackals
  A quokka (D:2)
  A frilled lizard (D:1)
  6 kobolds
  7 rats
74 creatures vanquished.

Vanquished Creatures (collateral kills)
  Natasha (D:2)
  A statue (D:3)
  An adder (D:2)
  An endoplasm (D:1)
  2 jackals (D:1)
  A kobold (D:1)
  3 ball pythons
10 creatures vanquished.

Vanquished Creatures (others)
  204 foxfires
204 creatures vanquished.

Grand Total: 288 creatures vanquished

Table legend:
 A = Non-vault XP
 B = Vault XP
 C = Vault XP percentage of total XP
 D = Non-vault monster count
 E = Vault monster count
 F = Vault count percentage of total count
                 A         B        C        D         E       F
            +---------+---------+-------+---------+---------+-------
      Total |     237 |     114 |  32.5 |      68 |      16 |  19.0
            +---------+---------+-------+---------+---------+-------
        D:1 |      50 |       0 |   0.0 |      28 |       0 |   0.0
        D:2 |     136 |      46 |  25.3 |      21 |       2 |   8.7
        D:3 |      51 |      68 |  57.1 |      19 |      14 |  42.4
            +---------+---------+-------+---------+---------+-------

Skill      XL: |  1  2  3  4  5 |
---------------+----------------+-----
Spellcasting   | 2 3 |  3.1
Fire Magic     | 2 3 |  3.0
Summonings     | 4 |  4.5
Armour         | |  1.0
Dodging        | |  1.0
Stealth        | |  1.0
Conjurations   | |  0.3
Invocations    | |  1.2
Evocations     | |  1.0

Action                     |  1- 3 |  4- 6 || total
---------------------------+-------+-------++-------
  Melee: Dagger            |    77 |    10 ||    87
         Touch             |     7 |    15 ||    22
         Unarmed           |       |    46 ||    46
   Cast: Summon Small Mamm |    12 |    14 ||    26
         Foxfire           |    21 |    97 ||   118
         Call Canine Famil |       |     1 ||     1
  Evoke: Wand              |     2 |       ||     2
   Stab: Distracted        |     1 |       ||     1
         Sleeping          |     1 |       ||     1
 Armour: Robe              |    13 |    12 ||    25
  Dodge: Dodged            |    43 |    36 ||    79

Illustrated notes

Table legend:
 A = Kills in this place as a percentage of kills in the entire game.
 B = Kills by you in this place as a percentage of kills by you in the entire game.
 C = Kills by friends in this place as a percentage of kills by friends in the entire game.
 D = Other kills in this place as a percentage of other kills in the entire game.
 E = Experience gained in this place as a percentage of experience gained in the entire game.
 F = Experience gained in this place divided by the number of levels of this place that you have seen.
                   A       B       C       D       E      F
               +-------+-------+-------+-------+-------+----------------------
         Total | 100.0 | 100.0 | 100.0 |   N/A | 100.0 |  87.8
       Dungeon | 100.0 | 100.0 | 100.0 |   N/A | 100.0 |  87.8
               +-------+-------+-------+-------+-------+----------------------

Table legend: (Time is in decaauts)
 A = Elapsed time spent in this place.
 B = Non-inter-level travel time spent in this place.
 C = Inter-level travel time spent in this place.
 D = Time resting spent in this place.
 E = Time spent auto-exploring this place.
 F = Levels seen in this place.
 G = Mean time per level.
                   A        B        C        D        E       F      G
               +--------+--------+--------+--------+--------+-----+--------+
         Total |   3689 |   3600 |     89 |    412 |   2526 |   4 |  922.2 |
       Dungeon |   3689 |   3600 |     89 |    412 |   2526 |   4 |  922.2 |
               +--------+--------+--------+--------+--------+-----+--------+

Top non-repeatable levels by time:
     D:3: 1563 daAuts
     D:1: 1129 daAuts
     D:2: 985 daAuts
     D:4: 10 daAuts
